 Dungeon Crawl Stone Soup version 0.18.1-51-gd549091e01 (webtiles) character file.

11750 magog001 the Blocker (level 11, -8/101 HPs)
             Began as a Minotaur Fighter on May 24, 2021.
             Was a Believer of Nemelex Xobeh.
             Mangled by a white ugly thing (21 damage)
             ... on level 11 of the Dungeon on May 27, 2021.
             The game lasted 01:07:11 (13263 turns).

magog001 the Blocker (Minotaur Fighter)            Turns: 13263, Time: 01:07:13

Health: -8/101     AC: 12    Str: 29 (30) XL:     11   Next: 53%
Magic:  10/10      EV:  7    Int:  4 (5)  God:    Nemelex Xobeh [**....]
Gold:   158        SH: 13    Dex:  9      Spells: 0 memorised, 10 levels left

rFire  + + .     SeeInvis .     O - +9 trident of Axojaf {freeze, rElec rPois rC+}
rCold  . . .     Gourm    .     S - +0 plate armour
rNeg   . . .     Faith    .     c - +0 shield
rPois  +         Spirit   .     (helmet restricted)
rElec  +         Dismiss  .     E - +1 cloak
rCorr  .         Reflect  .     (no gloves)
SustAt .         Harm     .     (no boots)
MR     .....                    (no amulet)
Stlth  ..........               F - ring of protection from fire
                                g - ring of fire

@: mighty, lethally poisoned (-8 -> -10), drained, not resistant to hostile
enchantments, extremely unstealthy
A: retaliatory headbutt, horns 2, deformed body, deterioration 1
a: Renounce Religion


You were on level 11 of the Dungeon.
You worshipped Nemelex Xobeh.
Nemelex Xobeh was pleased with you.
You were not hungry.

You visited 3 branches of the dungeon, and saw 13 of its levels.
You also visited: Ossuary.

You collected 578 gold pieces.
You spent 420 gold pieces at shops.

Inventory:

Hand Weapons
 j - a +3 mace of protection
 z - a +2 spear of venom
 O - the +9 trident of Axojaf (weapon) {freeze, rElec rPois rC+}
   (You found it on level 10 of the Dungeon)

   It has been specially enchanted to freeze those struck by it, causing extra
   injury to most foes and up to half again as much damage against particularly
   susceptible opponents.
   It can also slow down cold-blooded creatures.
   It protects you from cold.
   It insulates you from electricity.
   It protects you from poison.
Missiles
 o - 8 tomahawks
 u - 100 sling bullets
 x - 3 throwing nets (quivered)
 K - 5 javelins
Armour
 c - a +0 shield (worn)
 y - a +1 chain mail
 E - a +1 cloak (worn)
 S - a +0 plate armour (worn)
Jewellery
 g - a ring of fire (left hand)
 s - an uncursed ring of positive energy
 F - a ring of protection from fire (right hand)
Wands
 a - a wand of paralysis (17/24)
 q - a wand of random effects (46/48)
 r - a wand of digging (11/24)
 L - a wand of confusion (15/48)
 M - a wand of lightning (5/15)
 P - a wand of polymorph (12/24)
Scrolls
 h - a scroll of recharging
 p - 2 scrolls of remove curse
 D - 2 scrolls of identify
 H - a scroll of teleportation
 Q - 2 scrolls of brand weapon {unknown}
Potions
 d - a potion of invisibility
 e - a potion of resistance
 i - 3 potions of agility
 k - 5 potions of haste
 m - a potion of cancellation
 t - a potion of magic
 B - 3 potions of brilliance
 C - 4 potions of flight
Miscellaneous
 n - a plain deck of escape {Solitude}
 v - an ornate deck of changes
 J - a plain deck of war {drawn: 1}
Comestibles
 b - a chunk of flesh
 f - 11 bread rations
 w - 7 meat rations
 G - 4 fruits


   Skills:
 * Level 10.3(9.9) Fighting
   Level 2.7(6.8) Axes
 - Level 7.3(7.1) Maces & Flails
 * Level 7.5(7.3) Polearms
 * Level 11.5(11.0) Armour
 * Level 12.7(12.2) Shields


You had 10 spell levels left.
You didn't know any spells.

Dungeon Overview and Level Annotations

Branches:
Dungeon (11/15)            Temple (1/1) D:7             Orc (1/2) D:10
   Lair: D:8-11

Altars:
Ashenzari
Cheibriados
Dithmenos
Elyvilon
Fedhas
Gozag
Kikubaaqudgha
Makhleb
Nemelex Xobeh
Okawaru
Pakellas
Qazlal
Ru
Sif Muna
Trog
Vehumet
Xom
Yredelemnul
Zin
The Shining One
Beogh

Shops:
D:4 =   D:7 }   D:9 *

Annotations:
Orc:1 magog001's ghost, journeyman MiFi


Innate Abilities, Weirdness & Mutations

You reflexively headbutt those who attack you in melee.
You have a pair of horns on your head.
Armour fits poorly on your strangely shaped body.
Your body sometimes deteriorates upon taking damage.


Message History

The iguana bites you but does no damage.
The worker ant bites you. The white ugly thing kicks you!
The white ugly thing freezes you!
Your body deteriorates!
You feel weakened.
You puncture the white ugly thing! You freeze the white ugly thing.
The white ugly thing is moderately wounded.
The worker ant barely misses you. You furiously retaliate!
You headbutt the worker ant, but do no damage.
The iguana bites you but does no damage.
The white ugly thing kicks you! The white ugly thing freezes you!!
* * * LOW HITPOINT WARNING * * *
Drink which item? (? for menu, Esc to quit)
You feel very mighty all of a sudden.
You feel sick.
The worker ant bites you but does no damage.
You block the iguana's attack. The white ugly thing kicks you!
* * * LOW HITPOINT WARNING * * *
The white ugly thing freezes you!!
You die...
Your body disappears without a glow.

.# .# #.# ####### .#
#.###.....#######
.###...............#####
)........._.............
.###....................
..<#....................
####.............a......
................@lo.....
.................u......
#####...................
....'.............).....
#####...................
###############.....
..... .....


You could see a white ugly thing, an iguana, a worker ant and an orc.

Vanquished Creatures
  Snorg (D:10)
  A centaur warrior (D:10)
  2 hill giants
  Psyche (D:9)
  A troll (D:10)
  Prince Ribbit (D:6)
  A spriggan (D:7)
  Sigmund (D:4)
  A shadow (D:10)
  3 yaks (D:10)
  A steam dragon (D:11)
  Eustachio (D:6)
  2 hippogriffs
  Edmund (D:4)
  The ghost of magog001 the Vandal, an amateur TeHu (Ossuary)
  A water moccasin (D:8)
  5 orc warriors
  2 sky beasts
  2 black bears
  A phantom (D:7)
  9 ogres
  2 ice beasts
  A necrophage (D:10)
  A wasp (D:9)
  3 centaurs
  2 elf zombies (D:5)
  A big kobold (D:10)
  A crocodile (D:8)
  4 giant frogs
  2 gnoll sergeants
  A wyvern zombie (D:10)
  2 elf skeletons (D:5)
  3 water moccasin zombies
  A wyvern skeleton (D:9)
  4 scorpions
  11 wights
  9 howler monkeys
  4 crimson imps
  A centaur zombie (D:5)
  A human zombie (D:5)
  A wasp zombie (D:8)
  2 centaur skeletons
  Crazy Yiuf (D:4)
  4 hounds
  2 jellies
  10 orc priests
  11 orc wizards
  5 worker ants
  4 big kobold zombies (Ossuary)
  A hound zombie (D:6)
  2 hound skeletons (D:4)
  2 mummies (Ossuary)
  3 worker ant zombies
  9 adders
  A howler monkey skeleton (D:8)
  16 gnolls
  5 shadow imps
  7 adder zombies (Ossuary)
  3 dart slugs
  3 giant geckos
  47 orcs
  15 giant cockroaches
  4 gnoll zombies (Ossuary)
  9 goblins
  4 hobgoblins
  24 jackals
  4 quokkas
  6 bats
  2 giant gecko skeletons
  A giant newt (D:4)
  3 hobgoblin zombies (Ossuary)
  A jackal zombie (D:5)
  13 kobolds
  3 kobold zombies (Ossuary)
  An orc skeleton (D:5)
  4 orc zombies (Ossuary)
  4 rats
  A bush (D:4)
331 creatures vanquished.

Vanquished Creatures (collateral kills)
  Erolcha (D:10)
1 creature vanquished.

Grand Total: 332 creatures vanquished

Notes
Turn   | Place    | Note
--------------------------------------------------------------
     0 | D:1      | magog001 the Minotaur Fighter began the quest for the Orb.
     0 | D:1      | Reached XP level 1. HP: 19/19 MP: 0/0
   600 | D:1      | HP: 1/20 [goblin/dagger of electrocution (2)]
   603 | D:1      | Reached XP level 2. HP: 2/27 MP: 1/1
  1351 | D:2      | Reached skill level 4 in Shields
  1660 | D:2      | Found an iron altar of Okawaru.
  1725 | D:2      | Found a snail-covered altar of Cheibriados.
  1808 | D:2      | Reached XP level 3. HP: 33/33 MP: 2/2
  2202 | D:2      | Found a glowing silver altar of Zin.
  2370 | D:3      | Reached XP level 4. HP: 36/41 MP: 3/3
  2562 | D:3      | Found a radiant altar of Vehumet.
  2659 | D:3      | Found a sacrificial altar of Ru.
  2659 | D:3      | Found a shimmering altar of Xom.
  2677 | D:3      | Found a stormy altar of Qazlal.
  2677 | D:3      | Found a basalt altar of Yredelemnul.
  2719 | D:3      | Found an ancient bone altar of Kikubaaqudgha.
  2905 | D:4      | Noticed Sigmund
  2911 | D:4      | Killed Sigmund
  2911 | D:4      | Reached skill level 5 in Fighting
  2911 | D:4      | Reached skill level 1 in Maces & Flails
  2911 | D:4      | Reached skill level 5 in Armour
  2911 | D:4      | Reached skill level 5 in Shields
  2911 | D:4      | Reached XP level 5. HP: 42/48 MP: 4/4
  2911 | D:4      | Reached XP level 6. HP: 49/56 MP: 5/5
  2930 | D:4      | Noticed Edmund
  2931 | D:4      | Found a blossoming altar of Fedhas.
  2963 | D:4      | Killed Edmund
  2963 | D:4      | Reached skill level 6 in Shields
  3129 | D:4      | Found a deep blue altar of Sif Muna.
  3536 | D:4      | Reached XP level 7. HP: 49/61 MP: 6/6
  3727 | D:4      | Found Seneed's Jewellery Shop.
  3876 | D:4      | Noticed Crazy Yiuf
  3886 | D:4      | Killed Crazy Yiuf
  4091 | D:5      | Entered Level 5 of the Dungeon
  4169 | D:5      | Reached skill level 7 in Shields
  4179 | D:5      | Found a blossoming altar of Fedhas.
  4241 | D:5      | Found a sand-covered staircase.
  4259 | Ossuary  | Entered an ossuary
  4316 | Ossuary  | Noticed magog001's ghost (amateur TeHu)
  4334 | Ossuary  | Killed magog001's ghost
  4334 | Ossuary  | Reached XP level 8. HP: 62/70 MP: 7/7
  4507 | D:5      | Reached skill level 5 in Maces & Flails
  4523 | D:5      | Reached skill level 8 in Shields
  5258 | D:6      | Got a dazzling spear
  5259 | D:6      | Identified the +6 spear of a ziggurat {drain, rF+ Str-5 Dex+4} (You found it on level 6 of the Dungeon)
  5522 | D:6      | Noticed Eustachio
  5534 | D:6      | Killed Eustachio
  5680 | D:6      | Reached XP level 9. HP: 79/79 MP: 8/8
  5824 | D:6      | Noticed Prince Ribbit
  5867 | D:6      | Killed Prince Ribbit
  5867 | D:6      | Reached skill level 9 in Shields
  5944 | D:6      | Found a radiant altar of Vehumet.
  6277 | D:7      | Reached skill level 1 in Polearms
  6318 | D:7      | Found a staircase to the Ecumenical Temple.
  6395 | D:7      | Found an opulent altar of Gozag.
  6431 | D:7      | Reached skill level 10 in Shields
  6623 | D:7      | Gained mutation: Your body sometimes deteriorates upon taking damage. [potion of mutation]
  6623 | D:7      | Gained mutation: Armour fits poorly on your strangely shaped body. [potion of mutation]
  7078 | Temple   | Entered the Ecumenical Temple
  7246 | Temple   | Became a worshipper of Nemelex Xobeh the Trickster
  7404 | D:7      | Found Ruigoq's Gadget Boutique.
  7433 | D:7      | Bought a wand of digging (11/24) for 420 gold pieces
  7687 | D:8      | Received a gift from Nemelex Xobeh
  7842 | D:8      | Reached XP level 10. HP: 84/88 MP: 9/9
  8540 | D:8      | Reached skill level 10 in Armour
  8731 | D:8      | Reached * piety under Nemelex Xobeh
  9288 | D:9      | Found Ysafiz's Demolitions Depot.
  9428 | D:9      | Reached skill level 11 in Shields
  9437 | D:9      | Noticed Psyche
  9449 | D:9      | Killed Psyche
  9688 | D:9      | Reached ** piety under Nemelex Xobeh
 10286 | D:10     | Entered Level 10 of the Dungeon
 10389 | D:10     | Got an ichor-stained trident
 10390 | D:10     | Identified the +9 trident of Axojaf {freeze, rElec rPois rC+} (You found it on level 10 of the Dungeon)
 10515 | D:10     | Found a staircase to the Orcish Mines.
 10684 | D:10     | Noticed Erolcha
 10693 | D:10     | Found a roughly hewn altar of Beogh.
 10700 | D:10     | Killed Erolcha
 10700 | D:10     | Reached skill level 5 in Polearms
 10892 | D:10     | Reached skill level 12 in Shields
 10901 | D:10     | Noticed a centaur warrior
 10915 | D:10     | Killed a centaur warrior
 10915 | D:10     | Reached XP level 11. HP: 32/97 MP: 10/10
 11033 | D:10     | Noticed a hill giant
 11045 | D:10     | Killed a hill giant
 11406 | D:10     | Received a gift from Nemelex Xobeh
 11693 | D:10     | Noticed Snorg
 11702 | D:10     | Killed Snorg
 11702 | D:10     | Reached skill level 10 in Fighting
 12099 | Orc:1    | Entered Level 1 of the Orcish Mines
 12099 | Orc:1    | Noticed magog001's ghost (journeyman MiFi)
 12100 | Orc:1    | Noticed an orc sorcerer
 12565 | Orc:1    | Noticed a sun demon
 12965 | D:11     | Noticed a hill giant
 12974 | D:11     | Killed a hill giant
 13214 | D:11     | Found a burning altar of Makhleb.
 13252 | D:11     | Noticed a white ugly thing
 13263 | D:11     | Mangled by a white ugly thing

Skill      XL: |  1  2  3  4  5  6  7  8  9 10 11 |
---------------+----------------------------------+-----
Armour         | 4 5 6 7 9 10 11 | 11.5
Shields        | 4 5 6 7 8 10 12 | 12.7
Fighting       | 4 5 6 7 8 9 10 | 10.3
Maces & Flails | 1 3 4 6 7 |  7.3
Polearms       | 2 5 7 |  7.5
Axes           | |  2.7

Action                   |  1- 3 |  4- 6 |  7- 9 | 10-12 || total
-------------------------+-------+-------+-------+-------++-------
Melee: War axe           |    69 |       |       |       ||    69
       Headbutt          |    14 |    20 |   128 |   101 ||   263
       Mace              |    26 |    99 |   364 |       ||   489
       Spear             |       |       |   212 |   262 ||   474
       Trident           |       |       |       |   219 ||   219
Evoke: Wand              |       |       |     1 |     1 ||     2
       Deck              |       |       |       |     1 ||     1
  Use: Potion            |     1 |       |    10 |     7 ||    18
       Scroll            |     7 |       |     9 |     5 ||    21
  Eat: Chunk             |     4 |     4 |     8 |     8 ||    24
       Bread ration      |       |       |     1 |     1 ||     2
       Beef jerky        |       |       |     1 |       ||     1
       Pizza             |       |       |     1 |     1 ||     2
       Royal jelly       |       |       |       |     2 ||     2
       Fruit             |       |       |       |     2 ||     2
Armor: Scale mail        |    37 |       |       |       ||    37
       Chain mail        |    16 |    53 |   207 |   121 ||   397
       Skin              |       |       |       |    15 ||    15
       Plate armour      |       |       |       |    39 ||    39
Dodge: Dodged            |    35 |    20 |   121 |   124 ||   300
Block: Shield            |    64 |    51 |   291 |   290 ||   696
